Workbook

Sheet PREV ORÇAMENTARIA 2027
A1: PREVISÃO ORÇAMENTÁRIA 2027 - SINDIPETRO-ES
A2: SECRETARIAS | B2: COORDENADORIA GERAL | F2: ADMINISTRAÇAO | J2: APOSENTADOS E PENSIONISTAS | N2: COMUNICAÇAO | R2: CONSELHO FISCAL | V2: CULTURA, ESPORTE E LAZER | Z2: FINANÇAS | AD2: POLITICA E FORMAÇAO SINDICAL | AH2: JURIDICO | AL2: PATRIMONIAL | AP2: SMS | AT2: SETOR PRIVADO E TERCEIRIZADOS | AX2: TOTAL DAS DESPESAS | BB2: SALDO EM AGOSTO/26 | BC2: MEDIA POR MÊS PARA GASTAR | BD2: previsao da receita 2026 (média) | BE2: reajuste do previsto 4,74% (projeçao) | BF2: dif prev final x reajuste
A3: TOTAL | B3: =SUM(B5:B79) -> 1445100 | C3: =SUM(C5:C79) -> #REF! | D3: =SUM(D5:D79) -> #REF! | E3: =SUM(E5:E79) -> 1574925 | F3: =SUM(F5:F79) -> 760300 | G3: =SUM(G5:G79) -> #REF! | H3: =SUM(H5:H79) -> #REF! | I3: =SUM(I5:I79) -> 837230 | ... BA3: =SUM(BA5:BA79) -> 5834462.4 | BB3: =AX3-AY3 -> #REF! | BC3: =BB3/4 -> #REF! | BD3: =M82 -> #REF! | BE3: =Q82 -> #REF! | BF3: =BE3-BD3 -> #REF!
B4: PREVISTO | C4: REALIZADO | D4: PREV INICIAL 2027 | E4: PREVISAO FINAL 2027 | F4: PREVISTO | G4: REALIZADO | H4: PREV INICIAL 2027 | I4: PREVISAO FINAL 2027 | J4: PREVISTO | K4: REALIZADO | L4: PREV INICIAL 2027 | M4: PREVISAO FINAL 2027 | N4: PREVISTO | O4: REALIZADO | P4: PREV INICIAL 2027 | Q4: PREVISAO FINAL 2027 | R4: PREVISTO | S4: REALIZADO | T4: PREV INICIAL 2027 | U4: PREVISAO FINAL 2027 | V4: PREVISTO | W4: REALIZADO | X4: PREV INICIAL 2027 | Y4: PREVISAO FINAL 2027 | Z4: PREVISTO | AA4: REALIZADO | AB4: PREV INICIAL 2027 | AC4: PREVISAO FINAL 2027 | AD4: PREVISTO | AE4: REALIZADO | AF4: PREV INICIAL 2027 | AG4: PREVISAO FINAL 2027 | AH4: PREVISTO | AI4: REALIZADO | AJ4: PREV INICIAL 2027 | AK4: PREVISAO FINAL 2027 | AL4: PREVISTO | AM4: REALIZADO | AN4: PREV INICIAL 2027 | AO4: PREVISAO FINAL 2027 | AP4: PREVISTO | AQ4: REALIZADO | AR4: PREV INICIAL 2027 | AS4: PREVISAO FINAL 2027 | AT4: PREVISTO | AU4: REALIZADO | AV4: PREV INICIAL 2027 | AW4: PREVISAO FINAL 2027 | AX4: PREVISTO | AY4: REALIZADO | AZ4: PREV INICIAL 2027 | BA4: PREVISAO FINAL 2027 | BB4: =AY3/8 -> #REF! | BC4: MEDIA POR MÊS REALIZADO
A5: CUT | B5: 73000 | C5: =COORD!I1070 -> #REF! | D5: =(6048*12)*105% -> 76204.8 | E5: 76500 | AX5: =SUM(B5,F5,J5,N5,R5,V5,Z5,AD5,AH5,AL5,AP5,AT5) -> 73000 | AY5: =SUM(C5,G5,K5,O5,S5,W5,AA5,AE5,AI5,AM5,AQ5,AU5) -> #REF! | AZ5: =SUM(D5,H5,L5,P5,T5,X5,AB5,AF5,AJ5,AN5,AR5,AV5) -> 76204.8 | BA5: =SUM(E5,I5,M5,Q5,U5,Y5,AC5,AG5,AK5,AO5,AS5,AW5) -> 76500
A6: RATEIO FUP | B6: 95000 | C6: =COORD!I1071 -> #REF! | D6: =(((C6/8)*4)+C6)*105% -> #REF! | E6: 80000 | AX6: =SUM(B6,F6,J6,N6,R6,V6,Z6,AD6,AH6,AL6,AP6,AT6) -> 95000 | AY6: =SUM(C6,G6,K6,O6,S6,W6,AA6,AE6,AI6,AM6,AQ6,AU6) -> #REF! | AZ6: =SUM(D6,H6,L6,P6,T6,X6,AB6,AF6,AJ6,AN6,AR6,AV6) -> #REF! | BA6: =SUM(E6,I6,M6,Q6,U6,Y6,AC6,AG6,AK6,AO6,AS6,AW6) -> 80000
A7: EMPRESTIMO FUP | B7: 0 | C7: =COORD!I1072 -> #REF! | D7: =(((C7/8)*4)+C7)*105% -> #REF! | E7: 0 | AX7: =SUM(B7,F7,J7,N7,R7,V7,Z7,AD7,AH7,AL7,AP7,AT7) -> 0 | AY7: =SUM(C7,G7,K7,O7,S7,W7,AA7,AE7,AI7,AM7,AQ7,AU7) -> #REF! | AZ7: =SUM(D7,H7,L7,P7,T7,X7,AB7,AF7,AJ7,AN7,AR7,AV7) -> #REF! | BA7: =SUM(E7,I7,M7,Q7,U7,Y7,AC7,AG7,AK7,AO7,AS7,AW7) -> 0 | BE7: SALDO BANCARIO EM 31/08/2026
A8: INTERSINDICAL (DIEESE) | B8: 16000 | C8: =COORD!I1073 -> #REF! | D8: =(((C8/8)*4)+C8)*105% -> #REF! | E8: 16000 | AX8: =SUM(B8,F8,J8,N8,R8,V8,Z8,AD8,AH8,AL8,AP8,AT8) -> 16000 | AY8: =SUM(C8,G8,K8,O8,S8,W8,AA8,AE8,AI8,AM8,AQ8,AU8) -> #REF! | AZ8: =SUM(D8,H8,L8,P8,T8,X8,AB8,AF8,AJ8,AN8,AR8,AV8) -> #REF! | BA8: =SUM(E8,I8,M8,Q8,U8,Y8,AC8,AG8,AK8,AO8,AS8,AW8) -> 16000 | BE8: CAIXA | BF8: 87171.66
A9: ELEIÇOES | B9: 130000 | C9: =COORD!I1074 -> #REF! | D9: =(((C9/8)*4)+C9)*105% -> #REF! | E9: 0 | AX9: =SUM(B9,F9,J9,N9,R9,V9,Z9,AD9,AH9,AL9,AP9,AT9) -> 130000 | AY9: =SUM(C9,G9,K9,O9,S9,W9,AA9,AE9,AI9,AM9,AQ9,AU9) -> #REF! | AZ9: =SUM(D9,H9,L9,P9,T9,X9,AB9,AF9,AJ9,AN9,AR9,AV9) -> #REF! | BA9: =SUM(E9,I9,M9,Q9,U9,Y9,AC9,AG9,AK9,AO9,AS9,AW9) -> 0 | BE9: BB | BF9: =657915.14+2775398.26 -> 3433313.4 | BG9: SALDO+PROJEÇAO | BH9: RESULTADO 2026
A10: REPASSE P/ O FUNDO DE GREVE (5% DA MENSALIDADE) | B10: 223000 | C10: =COORD!I1075 -> #REF! | D10: =(E83*5%) -> #REF! | E10: 241500 | AX10: =SUM(B10,F10,J10,N10,R10,V10,Z10,AD10,AH10,AL10,AP10,AT10) -> 223000 | AY10: =SUM(C10,G10,K10,O10,S10,W10,AA10,AE10,AI10,AM10,AQ10,AU10) -> #REF! | AZ10: =SUM(D10,H10,L10,P10,T10,X10,AB10,AF10,AJ10,AN10,AR10,AV10) -> #REF! | BA10: =SUM(E10,I10,M10,Q10,U10,Y10,AC10,AG10,AK10,AO10,AS10,AW10) -> 241500 | BE10: TOTAL | BF10: =SUM(BF8:BF9) -> 3520485.1 | BG10: =BF10+BE3 -> #REF! | BH10: =BG10-U82 -> #REF!
A11: CUSTEIO DE LIBERAÇOES | B11: 43000 | C11: =COORD!I1076 -> #REF! | D11: =(((C11/8)*4)+C11)*105% -> #REF! | E11: =B11*105% -> 45150 | AX11: =SUM(B11,F11,J11,N11,R11,V11,Z11,AD11,AH11,AL11,AP11,AT11) -> 43000 | AY11: =SUM(C11,G11,K11,O11,S11,W11,AA11,AE11,AI11,AM11,AQ11,AU11) -> #REF! | AZ11: =SUM(D11,H11,L11,P11,T11,X11,AB11,AF11,AJ11,AN11,AR11,AV11) -> #REF! | BA11: =SUM(E11,I11,M11,Q11,U11,Y11,AC11,AG11,AK11,AO11,AS11,AW11) -> 45150
A12: EXAMES MEDICOS (PETROLEIROS) | AP12: 3180 | AQ12: =SMS!I32 -> #REF! | AR12: =(((AQ12/8)*4)+AQ12)*105% -> #REF! | AS12: 3200 | AX12: =SUM(B12,F12,J12,N12,R12,V12,Z12,AD12,AH12,AL12,AP12,AT12) -> 3180 | AY12: =SUM(C12,G12,K12,O12,S12,W12,AA12,AE12,AI12,AM12,AQ12,AU12) -> #REF! | AZ12: =SUM(D12,H12,L12,P12,T12,X12,AB12,AF12,AJ12,AN12,AR12,AV12) -> #REF! | BA12: =SUM(E12,I12,M12,Q12,U12,Y12,AC12,AG12,AK12,AO12,AS12,AW12) -> 3200
A13: EVENTO DAS MULHERES | AD13: 79500 | AE13: =FORM!I244 -> #REF! | AF13: =(((AE13/8)*4)+AE13)*105% -> #REF! | AG13: 89320 | AX13: =SUM(B13,F13,J13,N13,R13,V13,Z13,AD13,AH13,AL13,AP13,AT13) -> 79500 | AY13: =SUM(C13,G13,K13,O13,S13,W13,AA13,AE13,AI13,AM13,AQ13,AU13) -> #REF! | AZ13: =SUM(D13,H13,L13,P13,T13,X13,AB13,AF13,AJ13,AN13,AR13,AV13) -> #REF! | BA13: =SUM(E13,I13,M13,Q13,U13,Y13,AC13,AG13,AK13,AO13,AS13,AW13) -> 89320 | BE13: FUNDO DE GREVE 08/26 | BF13: 3822211
A14: EVENTOS DIVERSOS (cursos de atualizacao, assembleias e atos, etc) | B14: 100000 | C14: =COORD!I1077 -> #REF! | D14: =(((C14/8)*4)+C14)*105% -> #REF! | E14: =B14*105% -> 105000 | J14: 60000 | K14: =APOSENT!I126 -> #REF! | L14: =(((K14/8)*4)+K14)*105% -> #REF! | M14: =J14*105% -> 63000 | V14: 10706 | W14: =CULT!I53 -> #REF! | X14: =(((W14/8)*4)+W14)*105% -> #REF! | Y14: 13600 | AD14: 11130 | AE14: =FORM!I245 -> #REF! | AF14: =(((AE14/8)*4)+AE14)*105% -> #REF! | AG14: 11130 | AP14: 42400 | AQ14: =SMS!I33 -> #REF! | AR14: =(((AQ14/8)*4)+AQ14)*105% -> #REF! | AS14: 5000 | AT14: 50000 | AU14: =TERC!I353 -> #REF! | AV14: =(((AU14/8)*4)+AU14)*105% -> #REF! | AW14: 50000 | AX14: =SUM(B14,F14,J14,N14,R14,V14,Z14,AD14,AH14,AL14,AP14,AT14) -> 274236 | AY14: =SUM(C14,G14,K14,O14,S14,W14,AA14,AE14,AI14,AM14,AQ14,AU14) -> #REF! | AZ14: =SUM(D14,H14,L14,P14,T14,X14,AB14,AF14,AJ14,AN14,AR14,AV14) -> #REF! | BA14: =SUM(E14,I14,M14,Q14,U14,Y14,AC14,AG14,AK14,AO14,AS14,AW14) -> 247730
A15: AUXILIO ALIMENTAÇAO | B15: 103000 | C15: =COORD!I1078 -> #REF! | D15: =(((C15/8)*4)+C15)*105% -> #REF! | E15: 117500 | AX15: =SUM(B15,F15,J15,N15,R15,V15,Z15,AD15,AH15,AL15,AP15,AT15) -> 103000 | AY15: =SUM(C15,G15,K15,O15,S15,W15,AA15,AE15,AI15,AM15,AQ15,AU15) -> #REF! | AZ15: =SUM(D15,H15,L15,P15,T15,X15,AB15,AF15,AJ15,AN15,AR15,AV15) -> #REF! | BA15: =SUM(E15,I15,M15,Q15,U15,Y15,AC15,AG15,AK15,AO15,AS15,AW15) -> 117500
A16: CAMPANHA PARA A ESTATIZAÇAO (diarias, gas, gasolina, hospedagem, serv de comunicaçao) | B16: 169600 | C16: =COORD!I1079 -> #REF! | D16: =(((C16/8)*4)+C16)*105% -> #REF! | E16: 346000 | AX16: =SUM(B16,F16,J16,N16,R16,V16,Z16,AD16,AH16,AL16,AP16,AT16) -> 169600 | AY16: =SUM(C16,G16,K16,O16,S16,W16,AA16,AE16,AI16,AM16,AQ16,AU16) -> #REF! | AZ16: =SUM(D16,H16,L16,P16,T16,X16,AB16,AF16,AJ16,AN16,AR16,AV16) -> #REF! | BA16: =SUM(E16,I16,M16,Q16,U16,Y16,AC16,AG16,AK16,AO16,AS16,AW16) -> 346000
A17: CAMPANHA NATAL SOLIDARIO | B17: 0 | C17: =COORD!I1080 -> #REF! | D17: =(((C17/8)*4)+C17)*105% -> #REF! | E17: 0 | AX17: =SUM(B17,F17,J17,N17,R17,V17,Z17,AD17,AH17,AL17,AP17,AT17) -> 0 | AY17: =SUM(C17,G17,K17,O17,S17,W17,AA17,AE17,AI17,AM17,AQ17,AU17) -> #REF! | AZ17: =SUM(D17,H17,L17,P17,T17,X17,AB17,AF17,AJ17,AN17,AR17,AV17) -> #REF! | BA17: =SUM(E17,I17,M17,Q17,U17,Y17,AC17,AG17,AK17,AO17,AS17,AW17) -> 0
A18: DEVOLUÇAO DIVERSA | B18: 0 | C18: =COORD!I1081 -> #REF! | D18: 0 | E18: 0 | AX18: =SUM(B18,F18,J18,N18,R18,V18,Z18,AD18,AH18,AL18,AP18,AT18) -> 0 | AY18: =SUM(C18,G18,K18,O18,S18,W18,AA18,AE18,AI18,AM18,AQ18,AU18) -> #REF! | AZ18: =SUM(D18,H18,L18,P18,T18,X18,AB18,AF18,AJ18,AN18,AR18,AV18) -> 0 | BA18: =SUM(E18,I18,M18,Q18,U18,Y18,AC18,AG18,AK18,AO18,AS18,AW18) -> 0
A19: DEVOLUÇAO CONTRIBUIÇAO ASSISTENCIAL | B19: 0 | C19: =COORD!I1082 -> #REF! | D19: 0 | E19: 0 | AX19: =SUM(B19,F19,J19,N19,R19,V19,Z19,AD19,AH19,AL19,AP19,AT19) -> 0 | AY19: =SUM(C19,G19,K19,O19,S19,W19,AA19,AE19,AI19,AM19,AQ19,AU19) -> #REF! | AZ19: =SUM(D19,H19,L19,P19,T19,X19,AB19,AF19,AJ19,AN19,AR19,AV19) -> 0 | BA19: =SUM(E19,I19,M19,Q19,U19,Y19,AC19,AG19,AK19,AO19,AS19,AW19) -> 0
A20: FUNDO DE GREVE(DESCONTO RESERVA) | B20: 0 | C20: =COORD!I1083 -> #REF! | D20: 0 | E20: 0 | AX20: =SUM(B20,F20,J20,N20,R20,V20,Z20,AD20,AH20,AL20,AP20,AT20) -> 0 | AY20: =SUM(C20,G20,K20,O20,S20,W20,AA20,AE20,AI20,AM20,AQ20,AU20) -> #REF! | AZ20: =SUM(D20,H20,L20,P20,T20,X20,AB20,AF20,AJ20,AN20,AR20,AV20) -> 0 | BA20: =SUM(E20,I20,M20,Q20,U20,Y20,AC20,AG20,AK20,AO20,AS20,AW20) -> 0
A21: DOAÇAO | B21: 0 | C21: =COORD!I1084 -> #REF! | D21: 0 | E21: 0 | AX21: =SUM(B21,F21,J21,N21,R21,V21,Z21,AD21,AH21,AL21,AP21,AT21) -> 0 | AY21: =SUM(C21,G21,K21,O21,S21,W21,AA21,AE21,AI21,AM21,AQ21,AU21) -> #REF! | AZ21: =SUM(D21,H21,L21,P21,T21,X21,AB21,AF21,AJ21,AN21,AR21,AV21) -> 0 | BA21: =SUM(E21,I21,M21,Q21,U21,Y21,AC21,AG21,AK21,AO21,AS21,AW21) -> 0
A22: CAMPANHA DA PASCOA | B22: 0 | C22: =COORD!I1085 -> #REF! | D22: 0 | E22: 0 | AX22: =SUM(B22,F22,J22,N22,R22,V22,Z22,AD22,AH22,AL22,AP22,AT22) -> 0 | AY22: =SUM(C22,G22,K22,O22,S22,W22,AA22,AE22,AI22,AM22,AQ22,AU22) -> #REF! | AZ22: =SUM(D22,H22,L22,P22,T22,X22,AB22,AF22,AJ22,AN22,AR22,AV22) -> 0 | BA22: =SUM(E22,I22,M22,Q22,U22,Y22,AC22,AG22,AK22,AO22,AS22,AW22) -> 0
A23: CAMPANHA DIA DAS CRIANÇAS | B23: 0 | C23: =COORD!I1086 -> #REF! | D23: 0 | E23: 0 | AX23: =SUM(B23,F23,J23,N23,R23,V23,Z23,AD23,AH23,AL23,AP23,AT23) -> 0 | AY23: =SUM(C23,G23,K23,O23,S23,W23,AA23,AE23,AI23,AM23,AQ23,AU23) -> #REF! | AZ23: =SUM(D23,H23,L23,P23,T23,X23,AB23,AF23,AJ23,AN23,AR23,AV23) -> 0 | BA23: =SUM(E23,I23,M23,Q23,U23,Y23,AC23,AG23,AK23,AO23,AS23,AW23) -> 0
A24: SALARIOS E ENCARGOS, ALIMENTAÇAO E TRANSPORTES | F24: 510000 | G24: =ADM!I467 -> #REF! | H24: =(((G24/8)*4)+G24)*106% -> #REF! | I24: 592000 | AX24: =SUM(B24,F24,J24,N24,R24,V24,Z24,AD24,AH24,AL24,AP24,AT24) -> 510000 | AY24: =SUM(C24,G24,K24,O24,S24,W24,AA24,AE24,AI24,AM24,AQ24,AU24) -> #REF! | AZ24: =SUM(D24,H24,L24,P24,T24,X24,AB24,AF24,AJ24,AN24,AR24,AV24) -> #REF! | BA24: =SUM(E24,I24,M24,Q24,U24,Y24,AC24,AG24,AK24,AO24,AS24,AW24) -> 592000
A25: SAUDE DO TRABALHADOR | F25: 3500 | G25: =ADM!I468 -> #REF! | H25: =(((G25/8)*4)+G25)*106% -> #REF! | I25: =F25*106% -> 3710 | AX25: =SUM(B25,F25,J25,N25,R25,V25,Z25,AD25,AH25,AL25,AP25,AT25) -> 3500 | AY25: =SUM(C25,G25,K25,O25,S25,W25,AA25,AE25,AI25,AM25,AQ25,AU25) -> #REF! | AZ25: =SUM(D25,H25,L25,P25,T25,X25,AB25,AF25,AJ25,AN25,AR25,AV25) -> #REF! | BA25: =SUM(E25,I25,M25,Q25,U25,Y25,AC25,AG25,AK25,AO25,AS25,AW25) -> 3710
A26: PLANO DE SAUDE | F26: 103000 | G26: =ADM!I469 -> #REF! | H26: =(((G26/8)*4)+G26)*106% -> #REF! | I26: 112000 | AX26: =SUM(B26,F26,J26,N26,R26,V26,Z26,AD26,AH26,AL26,AP26,AT26) -> 103000 | AY26: =SUM(C26,G26,K26,O26,S26,W26,AA26,AE26,AI26,AM26,AQ26,AU26) -> #REF! | AZ26: =SUM(D26,H26,L26,P26,T26,X26,AB26,AF26,AJ26,AN26,AR26,AV26) -> #REF! | BA26: =SUM(E26,I26,M26,Q26,U26,Y26,AC26,AG26,AK26,AO26,AS26,AW26) -> 112000
A27: PLANO ODONTOLOGICO | F27: 7000 | G27: =ADM!I470 -> #REF! | H27: =(((G27/8)*4)+G27)*106% -> #REF! | I27: =F27*106% -> 7420 | AX27: =SUM(B27,F27,J27,N27,R27,V27,Z27,AD27,AH27,AL27,AP27,AT27) -> 7000 | AY27: =SUM(C27,G27,K27,O27,S27,W27,AA27,AE27,AI27,AM27,AQ27,AU27) -> #REF! | AZ27: =SUM(D27,H27,L27,P27,T27,X27,AB27,AF27,AJ27,AN27,AR27,AV27) -> #REF! | BA27: =SUM(E27,I27,M27,Q27,U27,Y27,AC27,AG27,AK27,AO27,AS27,AW27) -> 7420
A28: SEGURO DE VIDA FUNC | F28: 7000 | G28: =ADM!I471 -> #REF! | H28: =(((G28/8)*4)+G28)*106% -> #REF! | I28: =F28*106% -> 7420 | AX28: =SUM(B28,F28,J28,N28,R28,V28,Z28,AD28,AH28,AL28,AP28,AT28) -> 7000 | AY28: =SUM(C28,G28,K28,O28,S28,W28,AA28,AE28,AI28,AM28,AQ28,AU28) -> #REF! | AZ28: =SUM(D28,H28,L28,P28,T28,X28,AB28,AF28,AJ28,AN28,AR28,AV28) -> #REF! | BA28: =SUM(E28,I28,M28,Q28,U28,Y28,AC28,AG28,AK28,AO28,AS28,AW28) -> 7420
A29: UNIFORMES DE FUNC | F29: 10000 | G29: =ADM!I472 -> #REF! | H29: =(((G29/8)*4)+G29)*106% -> #REF! | I29: =F29*106% -> 10600 | AX29: =SUM(B29,F29,J29,N29,R29,V29,Z29,AD29,AH29,AL29,AP29,AT29) -> 10000 | AY29: =SUM(C29,G29,K29,O29,S29,W29,AA29,AE29,AI29,AM29,AQ29,AU29) -> #REF! | AZ29: =SUM(D29,H29,L29,P29,T29,X29,AB29,AF29,AJ29,AN29,AR29,AV29) -> #REF! | BA29: =SUM(E29,I29,M29,Q29,U29,Y29,AC29,AG29,AK29,AO29,AS29,AW29) -> 10600
A30: AGUA E ESGOTO | F30: 5000 | G30: =ADM!I473 -> #REF! | H30: =(((G30/8)*4)+G30)*106% -> #REF! | I30: =F30*106% -> 5300 | AX30: =SUM(B30,F30,J30,N30,R30,V30,Z30,AD30,AH30,AL30,AP30,AT30) -> 5000 | AY30: =SUM(C30,G30,K30,O30,S30,W30,AA30,AE30,AI30,AM30,AQ30,AU30) -> #REF! | AZ30: =SUM(D30,H30,L30,P30,T30,X30,AB30,AF30,AJ30,AN30,AR30,AV30) -> #REF! | BA30: =SUM(E30,I30,M30,Q30,U30,Y30,AC30,AG30,AK30,AO30,AS30,AW30) -> 5300
A31: ENERGIA ELETRICA | F31: 22000 | G31: =ADM!I474 -> #REF! | H31: =(((G31/8)*4)+G31)*106% -> #REF! | I31: 8000 | AX31: =SUM(B31,F31,J31,N31,R31,V31,Z31,AD31,AH31,AL31,AP31,AT31) -> 22000 | AY31: =SUM(C31,G31,K31,O31,S31,W31,AA31,AE31,AI31,AM31,AQ31,AU31) -> #REF! | AZ31: =SUM(D31,H31,L31,P31,T31,X31,AB31,AF31,AJ31,AN31,AR31,AV31) -> #REF! | BA31: =SUM(E31,I31,M31,Q31,U31,Y31,AC31,AG31,AK31,AO31,AS31,AW31) -> 8000
A32: TELEFONIA FIXA E MOVEL | F32: 37000 | G32: =ADM!I475 -> #REF! | H32: =(((G32/8)*4)+G32)*106% -> #REF! | I32: 42000 | AX32: =SUM(B32,F32,J32,N32,R32,V32,Z32,AD32,AH32,AL32,AP32,AT32) -> 37000 | AY32: =SUM(C32,G32,K32,O32,S32,W32,AA32,AE32,AI32,AM32,AQ32,AU32) -> #REF! | AZ32: =SUM(D32,H32,L32,P32,T32,X32,AB32,AF32,AJ32,AN32,AR32,AV32) -> #REF! | BA32: =SUM(E32,I32,M32,Q32,U32,Y32,AC32,AG32,AK32,AO32,AS32,AW32) -> 42000
A33: MATERIAL DE CONSUMO | F33: 18000 | G33: =ADM!I476 -> #REF! | H33: =(((G33/8)*4)+G33)*106% -> #REF! | I33: 20000 | AX33: =SUM(B33,F33,J33,N33,R33,V33,Z33,AD33,AH33,AL33,AP33,AT33) -> 18000 | AY33: =SUM(C33,G33,K33,O33,S33,W33,AA33,AE33,AI33,AM33,AQ33,AU33) -> #REF! | AZ33: =SUM(D33,H33,L33,P33,T33,X33,AB33,AF33,AJ33,AN33,AR33,AV33) -> #REF! | BA33: =SUM(E33,I33,M33,Q33,U33,Y33,AC33,AG33,AK33,AO33,AS33,AW33) -> 20000
A34: MATERIAL DE ESCRITORIO | F34: 9000 | G34: =ADM!I477 -> #REF! | H34: =(((G34/8)*4)+G34)*106% -> #REF! | I34: 8000 | AX34: =SUM(B34,F34,J34,N34,R34,V34,Z34,AD34,AH34,AL34,AP34,AT34) -> 9000 | AY34: =SUM(C34,G34,K34,O34,S34,W34,AA34,AE34,AI34,AM34,AQ34,AU34) -> #REF! | AZ34: =SUM(D34,H34,L34,P34,T34,X34,AB34,AF34,AJ34,AN34,AR34,AV34) -> #REF! | BA34: =SUM(E34,I34,M34,Q34,U34,Y34,AC34,AG34,AK34,AO34,AS34,AW34) -> 8000
A35: MENSALIDADE DO SISTEMA | F35: 10000 | G35: =ADM!I478 -> #REF! | H35: =(((G35/8)*4)+G35)*106% -> #REF! | I35: 6000 | AX35: =SUM(B35,F35,J35,N35,R35,V35,Z35,AD35,AH35,AL35,AP35,AT35) -> 10000 | AY35: =SUM(C35,G35,K35,O35,S35,W35,AA35,AE35,AI35,AM35,AQ35,AU35) -> #REF! | AZ35: =SUM(D35,H35,L35,P35,T35,X35,AB35,AF35,AJ35,AN35,AR35,AV35) -> #REF! | BA35: =SUM(E35,I35,M35,Q35,U35,Y35,AC35,AG35,AK35,AO35,AS35,AW35) -> 6000
A36: ASSESSORIAS | N36: 290000 | O36: =COMUNIC!I124 -> #REF! | P36: =(((O36/8)*4)+O36)*105% -> #REF! | Q36: 293000 | AX36: =SUM(B36,F36,J36,N36,R36,V36,Z36,AD36,AH36,AL36,AP36,AT36) -> 290000 | AY36: =SUM(C36,G36,K36,O36,S36,W36,AA36,AE36,AI36,AM36,AQ36,AU36) -> #REF! | AZ36: =SUM(D36,H36,L36,P36,T36,X36,AB36,AF36,AJ36,AN36,AR36,AV36) -> #REF! | BA36: =SUM(E36,I36,M36,Q36,U36,Y36,AC36,AG36,AK36,AO36,AS36,AW36) -> 293000
A37: ARRASTAO DIGITAL | N37: 80000 | O37: =COMUNIC!I125 -> #REF! | P37: =(((O37/8)*4)+O37)*105% -> #REF! | Q37: 92100 | AX37: =SUM(B37,F37,J37,N37,R37,V37,Z37,AD37,AH37,AL37,AP37,AT37) -> 80000 | AY37: =SUM(C37,G37,K37,O37,S37,W37,AA37,AE37,AI37,AM37,AQ37,AU37) -> #REF! | AZ37: =SUM(D37,H37,L37,P37,T37,X37,AB37,AF37,AJ37,AN37,AR37,AV37) -> #REF! | BA37: =SUM(E37,I37,M37,Q37,U37,Y37,AC37,AG37,AK37,AO37,AS37,AW37) -> 92100
A38: SERVIÇOS DE MIDIA DIGITAL / MANUTENÇAO DO SITE / REDES SOCIAIS / SERVIÇOS DE COMUNICAÇAO | N38: 110000 | O38: =COMUNIC!I126 -> #REF! | P38: =(((O38/8)*4)+O38)*105% -> #REF! | Q38: 110000 | AX38: =SUM(B38,F38,J38,N38,R38,V38,Z38,AD38,AH38,AL38,AP38,AT38) -> 110000 | AY38: =SUM(C38,G38,K38,O38,S38,W38,AA38,AE38,AI38,AM38,AQ38,AU38) -> #REF! | AZ38: =SUM(D38,H38,L38,P38,T38,X38,AB38,AF38,AJ38,AN38,AR38,AV38) -> #REF! | BA38: =SUM(E38,I38,M38,Q38,U38,Y38,AC38,AG38,AK38,AO38,AS38,AW38) -> 110000
A39: SERVIÇOS GRAFICOS | N39: 60000 | O39: =COMUNIC!I127 -> #REF! | P39: =(((O39/8)*4)+O39)*105% -> #REF! | Q39: 60000 | AX39: =SUM(B39,F39,J39,N39,R39,V39,Z39,AD39,AH39,AL39,AP39,AT39) -> 60000 | AY39: =SUM(C39,G39,K39,O39,S39,W39,AA39,AE39,AI39,AM39,AQ39,AU39) -> #REF! | AZ39: =SUM(D39,H39,L39,P39,T39,X39,AB39,AF39,AJ39,AN39,AR39,AV39) -> #REF! | BA39: =SUM(E39,I39,M39,Q39,U39,Y39,AC39,AG39,AK39,AO39,AS39,AW39) -> 60000
A40: CAMPANHAS PUBLICITARIAS / TV, RADIO, JORNAL / PODCAST | N40: 30000 | O40: =COMUNIC!I128 -> #REF! | P40: =(((O40/8)*4)+O40)*105% -> #REF! | Q40: 30000 | AX40: =SUM(B40,F40,J40,N40,R40,V40,Z40,AD40,AH40,AL40,AP40,AT40) -> 30000 | AY40: =SUM(C40,G40,K40,O40,S40,W40,AA40,AE40,AI40,AM40,AQ40,AU40) -> #REF! | AZ40: =SUM(D40,H40,L40,P40,T40,X40,AB40,AF40,AJ40,AN40,AR40,AV40) -> #REF! | BA40: =SUM(E40,I40,M40,Q40,U40,Y40,AC40,AG40,AK40,AO40,AS40,AW40) -> 30000
A41: PROJETO METANOIA (FORMAÇÃO DE NOVOS INFLUENCIADORES) | N41: 100000 | O41: =COMUNIC!I129 -> #REF! | P41: =(((O41/8)*4)+O41)*105% -> #REF! | Q41: 0 | AX41: =SUM(B41,F41,J41,N41,R41,V41,Z41,AD41,AH41,AL41,AP41,AT41) -> 100000 | AY41: =SUM(C41,G41,K41,O41,S41,W41,AA41,AE41,AI41,AM41,AQ41,AU41) -> #REF! | AZ41: =SUM(D41,H41,L41,P41,T41,X41,AB41,AF41,AJ41,AN41,AR41,AV41) -> #REF! | BA41: =SUM(E41,I41,M41,Q41,U41,Y41,AC41,AG41,AK41,AO41,AS41,AW41) -> 0
A42: SUPLENCIA FUP | B42: 79500 | C42: =COORD!I1087 -> #REF! | D42: =(((C42/8)*4)+C42)*105% -> #REF! | E42: =B42*105% -> 83475 | AX42: =SUM(B42,F42,J42,N42,R42,V42,Z42,AD42,AH42,AL42,AP42,AT42) -> 79500 | AY42: =SUM(C42,G42,K42,O42,S42,W42,AA42,AE42,AI42,AM42,AQ42,AU42) -> #REF! | AZ42: =SUM(D42,H42,L42,P42,T42,X42,AB42,AF42,AJ42,AN42,AR42,AV42) -> #REF! | BA42: =SUM(E42,I42,M42,Q42,U42,Y42,AC42,AG42,AK42,AO42,AS42,AW42) -> 83475
A43: CONFRATERNIZAÇOES, CONCURSOS E TORNEIOS | V43: 200000 | W43: =CULT!I54 -> #REF! | X43: =(((W43/8)*4)+W43)*105% -> #REF! | Y43: 200000 | AT43: 35000 | AU43: =TERC!I354 -> #REF! | AV43: =(((AU43/8)*4)+AU43)*105% -> #REF! | AW43: 35000 | AX43: =SUM(B43,F43,J43,N43,R43,V43,Z43,AD43,AH43,AL43,AP43,AT43) -> 235000 | AY43: =SUM(C43,G43,K43,O43,S43,W43,AA43,AE43,AI43,AM43,AQ43,AU43) -> #REF! | AZ43: =SUM(D43,H43,L43,P43,T43,X43,AB43,AF43,AJ43,AN43,AR43,AV43) -> #REF! | BA43: =SUM(E43,I43,M43,Q43,U43,Y43,AC43,AG43,AK43,AO43,AS43,AW43) -> 235000
A44: PALESTRA (alimentaçao, hospedagem, diarias, locação) | V44: 30000 | X44: =(((W44/8)*4)+W44)*105% -> 0 | Y44: 30000 | AX44: =SUM(B44,F44,J44,N44,R44,V44,Z44,AD44,AH44,AL44,AP44,AT44) -> 30000 | AY44: =SUM(C44,G44,K44,O44,S44,W44,AA44,AE44,AI44,AM44,AQ44,AU44) -> 0 | AZ44: =SUM(D44,H44,L44,P44,T44,X44,AB44,AF44,AJ44,AN44,AR44,AV44) -> 0 | BA44: =SUM(E44,I44,M44,Q44,U44,Y44,AC44,AG44,AK44,AO44,AS44,AW44) -> 30000
A45: TORNEIRO XADREZ (equipe arbitro, prêmio 1, 2, 3 lugar) - cobrar inscrição social | V45: 25000 | W45: =CULT!I56 -> #REF! | X45: =(((W45/8)*4)+W45)*105% -> #REF! | Y45: 25000 | AX45: =SUM(B45,F45,J45,N45,R45,V45,Z45,AD45,AH45,AL45,AP45,AT45) -> 25000 | AY45: =SUM(C45,G45,K45,O45,S45,W45,AA45,AE45,AI45,AM45,AQ45,AU45) -> #REF! | AZ45: =SUM(D45,H45,L45,P45,T45,X45,AB45,AF45,AJ45,AN45,AR45,AV45) -> #REF! | BA45: =SUM(E45,I45,M45,Q45,U45,Y45,AC45,AG45,AK45,AO45,AS45,AW45) -> 25000
A46: SERVIÇOS CONTABEIS | Z46: 50500 | AA46: =FINAN!I144 -> #REF! | AB46: =(((AA46/8)*4)+AA46)*106% -> #REF! | AC46: =Z46*106% -> 53530 | AH46: 450000 | AI46: =JUR!I534 -> #REF! | AJ46: =(((AI46/8)*4)+AI46)*105% -> #REF! | AK46: 558500 | AX46: =SUM(B46,F46,J46,N46,R46,V46,Z46,AD46,AH46,AL46,AP46,AT46) -> 500500 | AY46: =SUM(C46,G46,K46,O46,S46,W46,AA46,AE46,AI46,AM46,AQ46,AU46) -> #REF! | AZ46: =SUM(D46,H46,L46,P46,T46,X46,AB46,AF46,AJ46,AN46,AR46,AV46) -> #REF! | BA46: =SUM(E46,I46,M46,Q46,U46,Y46,AC46,AG46,AK46,AO46,AS46,AW46) -> 612030
A47: SERV. FINANC./ADMINISTRATIVO | Z47: 59000 | AA47: =FINAN!I145 -> #REF! | AB47: =(((AA47/8)*4)+AA47)*106% -> #REF! | AC47: 74800 | AX47: =SUM(B47,F47,J47,N47,R47,V47,Z47,AD47,AH47,AL47,AP47,AT47) -> 59000 | AY47: =SUM(C47,G47,K47,O47,S47,W47,AA47,AE47,AI47,AM47,AQ47,AU47) -> #REF! | AZ47: =SUM(D47,H47,L47,P47,T47,X47,AB47,AF47,AJ47,AN47,AR47,AV47) -> #REF! | BA47: =SUM(E47,I47,M47,Q47,U47,Y47,AC47,AG47,AK47,AO47,AS47,AW47) -> 74800
A48: TARIFA BANCARIA | Z48: 2900 | AA48: =FINAN!I146 -> #REF! | AB48: =(((AA48/8)*4)+AA48)*106% -> #REF! | AC48: 3000 | AX48: =SUM(B48,F48,J48,N48,R48,V48,Z48,AD48,AH48,AL48,AP48,AT48) -> 2900 | AY48: =SUM(C48,G48,K48,O48,S48,W48,AA48,AE48,AI48,AM48,AQ48,AU48) -> #REF! | AZ48: =SUM(D48,H48,L48,P48,T48,X48,AB48,AF48,AJ48,AN48,AR48,AV48) -> #REF! | BA48: =SUM(E48,I48,M48,Q48,U48,Y48,AC48,AG48,AK48,AO48,AS48,AW48) -> 3000
A49: CURSOS E SEMINARIOS DE ATUALIZAÇAO CULTURAL, SOCIAL E POLITICA | AD49: 24000 | AE49: =FORM!I246 -> #REF! | AF49: =(((AE49/8)*4)+AE49)*105% -> #REF! | AG49: 24000 | AX49: =SUM(B49,F49,J49,N49,R49,V49,Z49,AD49,AH49,AL49,AP49,AT49) -> 24000 | AY49: =SUM(C49,G49,K49,O49,S49,W49,AA49,AE49,AI49,AM49,AQ49,AU49) -> #REF! | AZ49: =SUM(D49,H49,L49,P49,T49,X49,AB49,AF49,AJ49,AN49,AR49,AV49) -> #REF! | BA49: =SUM(E49,I49,M49,Q49,U49,Y49,AC49,AG49,AK49,AO49,AS49,AW49) -> 24000
A50: CONGREPES | AD50: 106000 | AE50: =FORM!I247 -> #REF! | AF50: =(((AE50/8)*4)+AE50)*105% -> #REF! | AG50: 106000 | AX50: =SUM(B50,F50,J50,N50,R50,V50,Z50,AD50,AH50,AL50,AP50,AT50) -> 106000 | AY50: =SUM(C50,G50,K50,O50,S50,W50,AA50,AE50,AI50,AM50,AQ50,AU50) -> #REF! | AZ50: =SUM(D50,H50,L50,P50,T50,X50,AB50,AF50,AJ50,AN50,AR50,AV50) -> #REF! | BA50: =SUM(E50,I50,M50,Q50,U50,Y50,AC50,AG50,AK50,AO50,AS50,AW50) -> 106000
A51: CONFUP/PLENAFUP | B51: 100000 | C51: =COORD!I1088 -> #REF! | D51: =(((C51/8)*4)+C51)*105% -> #REF! | E51: 117000 | AX51: =SUM(B51,F51,J51,N51,R51,V51,Z51,AD51,AH51,AL51,AP51,AT51) -> 100000 | AY51: =SUM(C51,G51,K51,O51,S51,W51,AA51,AE51,AI51,AM51,AQ51,AU51) -> #REF! | AZ51: =SUM(D51,H51,L51,P51,T51,X51,AB51,AF51,AJ51,AN51,AR51,AV51) -> #REF! | BA51: =SUM(E51,I51,M51,Q51,U51,Y51,AC51,AG51,AK51,AO51,AS51,AW51) -> 117000
A52: ASSISTENCIA SOCIAL | B52: 26000 | C52: =COORD!I1089 -> #REF! | D52: =(((C52/8)*4)+C52)*105% -> #REF! | E52: 32300 | AX52: =SUM(B52,F52,J52,N52,R52,V52,Z52,AD52,AH52,AL52,AP52,AT52) -> 26000 | AY52: =SUM(C52,G52,K52,O52,S52,W52,AA52,AE52,AI52,AM52,AQ52,AU52) -> #REF! | AZ52: =SUM(D52,H52,L52,P52,T52,X52,AB52,AF52,AJ52,AN52,AR52,AV52) -> #REF! | BA52: =SUM(E52,I52,M52,Q52,U52,Y52,AC52,AG52,AK52,AO52,AS52,AW52) -> 32300
A53: AJUDA SOCIAL | AD53: 100000 | AE53: =FORM!I248 -> #REF! | AF53: =(((AE53/8)*4)+AE53)*105% -> #REF! | AG53: 100000 | AX53: =SUM(B53,F53,J53,N53,R53,V53,Z53,AD53,AH53,AL53,AP53,AT53) -> 100000 | AY53: =SUM(C53,G53,K53,O53,S53,W53,AA53,AE53,AI53,AM53,AQ53,AU53) -> #REF! | AZ53: =SUM(D53,H53,L53,P53,T53,X53,AB53,AF53,AJ53,AN53,AR53,AV53) -> #REF! | BA53: =SUM(E53,I53,M53,Q53,U53,Y53,AC53,AG53,AK53,AO53,AS53,AW53) -> 100000
A54: CUSTAS JUDICIAIS | AH54: 30000 | AI54: =JUR!I535 -> #REF! | AJ54: =(((AI54/8)*4)+AI54)*105% -> #REF! | AK54: 20600 | AX54: =SUM(B54,F54,J54,N54,R54,V54,Z54,AD54,AH54,AL54,AP54,AT54) -> 30000 | AY54: =SUM(C54,G54,K54,O54,S54,W54,AA54,AE54,AI54,AM54,AQ54,AU54) -> #REF! | AZ54: =SUM(D54,H54,L54,P54,T54,X54,AB54,AF54,AJ54,AN54,AR54,AV54) -> #REF! | BA54: =SUM(E54,I54,M54,Q54,U54,Y54,AC54,AG54,AK54,AO54,AS54,AW54) -> 20600
A55: SERVIÇOS ADVOCATICIOS | AH55: 515000 | AI55: =JUR!I536 -> #REF! | AJ55: =(((AI55/8)*4)+AI55)*105% -> #REF! | AK55: 515000 | AX55: =SUM(B55,F55,J55,N55,R55,V55,Z55,AD55,AH55,AL55,AP55,AT55) -> 515000 | AY55: =SUM(C55,G55,K55,O55,S55,W55,AA55,AE55,AI55,AM55,AQ55,AU55) -> #REF! | AZ55: =SUM(D55,H55,L55,P55,T55,X55,AB55,AF55,AJ55,AN55,AR55,AV55) -> #REF! | BA55: =SUM(E55,I55,M55,Q55,U55,Y55,AC55,AG55,AK55,AO55,AS55,AW55) -> 515000
A56: MENSALIDADE SISTEMA JURIDICO | AH56: 21200 | AI56: =JUR!I537 -> #REF! | AJ56: =(((AI56/8)*4)+AI56)*105% -> #REF! | AK56: 22000 | AX56: =SUM(B56,F56,J56,N56,R56,V56,Z56,AD56,AH56,AL56,AP56,AT56) -> 21200 | AY56: =SUM(C56,G56,K56,O56,S56,W56,AA56,AE56,AI56,AM56,AQ56,AU56) -> #REF! | AZ56: =SUM(D56,H56,L56,P56,T56,X56,AB56,AF56,AJ56,AN56,AR56,AV56) -> #REF! | BA56: =SUM(E56,I56,M56,Q56,U56,Y56,AC56,AG56,AK56,AO56,AS56,AW56) -> 22000
A57: COMBUSTIVEL | AL57: 98500 | AM57: =PATRI!I554 -> #REF! | AN57: =(((AM57/8)*4)+AM57)*105% -> #REF! | AO57: 100000 | AX57: =SUM(B57,F57,J57,N57,R57,V57,Z57,AD57,AH57,AL57,AP57,AT57) -> 98500 | AY57: =SUM(C57,G57,K57,O57,S57,W57,AA57,AE57,AI57,AM57,AQ57,AU57) -> #REF! | AZ57: =SUM(D57,H57,L57,P57,T57,X57,AB57,AF57,AJ57,AN57,AR57,AV57) -> #REF! | BA57: =SUM(E57,I57,M57,Q57,U57,Y57,AC57,AG57,AK57,AO57,AS57,AW57) -> 100000
A58: SUBSTITUIÇAO/MANUTENÇAO DE EQUIPAMENTOS DE INFORMATICA | AL58: 15000 | AM58: =PATRI!I555 -> #REF! | AN58: =(((AM58/8)*4)+AM58)*105% -> #REF! | AO58: 15000 | AX58: =SUM(B58,F58,J58,N58,R58,V58,Z58,AD58,AH58,AL58,AP58,AT58) -> 15000 | AY58: =SUM(C58,G58,K58,O58,S58,W58,AA58,AE58,AI58,AM58,AQ58,AU58) -> #REF! | AZ58: =SUM(D58,H58,L58,P58,T58,X58,AB58,AF58,AJ58,AN58,AR58,AV58) -> #REF! | BA58: =SUM(E58,I58,M58,Q58,U58,Y58,AC58,AG58,AK58,AO58,AS58,AW58) -> 15000
A59: SUBSTITUIÇAO DE IMOBILIZADO | AL59: 60000 | AM59: =PATRI!I556 -> #REF! | AN59: =(((AM59/8)*4)+AM59)*105% -> #REF! | AO59: 60000 | AX59: =SUM(B59,F59,J59,N59,R59,V59,Z59,AD59,AH59,AL59,AP59,AT59) -> 60000 | AY59: =SUM(C59,G59,K59,O59,S59,W59,AA59,AE59,AI59,AM59,AQ59,AU59) -> #REF! | AZ59: =SUM(D59,H59,L59,P59,T59,X59,AB59,AF59,AJ59,AN59,AR59,AV59) -> #REF! | BA59: =SUM(E59,I59,M59,Q59,U59,Y59,AC59,AG59,AK59,AO59,AS59,AW59) -> 60000
A60: MANUTENÇAO DE BENS IMOVEIS (SEDES) | AL60: 45000 | AM60: =PATRI!I557 -> #REF! | AN60: =(((AM60/8)*4)+AM60)*105% -> #REF! | AO60: 45000 | AX60: =SUM(B60,F60,J60,N60,R60,V60,Z60,AD60,AH60,AL60,AP60,AT60) -> 45000 | AY60: =SUM(C60,G60,K60,O60,S60,W60,AA60,AE60,AI60,AM60,AQ60,AU60) -> #REF! | AZ60: =SUM(D60,H60,L60,P60,T60,X60,AB60,AF60,AJ60,AN60,AR60,AV60) -> #REF! | BA60: =SUM(E60,I60,M60,Q60,U60,Y60,AC60,AG60,AK60,AO60,AS60,AW60) -> 45000
A61: DESPESAS DIVERSAS IMOVEIS (ALUGUEIS, IPTU, ALVARAS, EXTINTORES, CONDOMINIO, SEGURANÇA) | AL61: 50000 | AM61: =PATRI!I558 -> #REF! | AN61: =(((AM61/8)*4)+AM61)*105% -> #REF! | AO61: 52000 | AX61: =SUM(B61,F61,J61,N61,R61,V61,Z61,AD61,AH61,AL61,AP61,AT61) -> 50000 | AY61: =SUM(C61,G61,K61,O61,S61,W61,AA61,AE61,AI61,AM61,AQ61,AU61) -> #REF! | AZ61: =SUM(D61,H61,L61,P61,T61,X61,AB61,AF61,AJ61,AN61,AR61,AV61) -> #REF! | BA61: =SUM(E61,I61,M61,Q61,U61,Y61,AC61,AG61,AK61,AO61,AS61,AW61) -> 52000
A62: TROCA/AQUISIÇAO DE VEICULOS NOVOS | AL62: 240000 | AM62: =PATRI!I559 -> #REF! | AN62: =(((AM62/8)*4)+AM62)*105% -> #REF! | AX62: =SUM(B62,F62,J62,N62,R62,V62,Z62,AD62,AH62,AL62,AP62,AT62) -> 240000 | AY62: =SUM(C62,G62,K62,O62,S62,W62,AA62,AE62,AI62,AM62,AQ62,AU62) -> #REF! | AZ62: =SUM(D62,H62,L62,P62,T62,X62,AB62,AF62,AJ62,AN62,AR62,AV62) -> #REF! | BA62: =SUM(E62,I62,M62,Q62,U62,Y62,AC62,AG62,AK62,AO62,AS62,AW62) -> 0
A63: MANUTENÇAO DE BENS MOVEIS (MOBILIARIO) | AL63: 5600 | AM63: =PATRI!I560 -> #REF! | AN63: =(((AM63/8)*4)+AM63)*105% -> #REF! | AO63: 7000 | AX63: =SUM(B63,F63,J63,N63,R63,V63,Z63,AD63,AH63,AL63,AP63,AT63) -> 5600 | AY63: =SUM(C63,G63,K63,O63,S63,W63,AA63,AE63,AI63,AM63,AQ63,AU63) -> #REF! | AZ63: =SUM(D63,H63,L63,P63,T63,X63,AB63,AF63,AJ63,AN63,AR63,AV63) -> #REF! | BA63: =SUM(E63,I63,M63,Q63,U63,Y63,AC63,AG63,AK63,AO63,AS63,AW63) -> 7000
A64: SEGURO VEICULOS | AL64: 31800 | AM64: =PATRI!I561 -> #REF! | AN64: =(((AM64/8)*4)+AM64)*105% -> #REF! | AO64: 35000 | AX64: =SUM(B64,F64,J64,N64,R64,V64,Z64,AD64,AH64,AL64,AP64,AT64) -> 31800 | AY64: =SUM(C64,G64,K64,O64,S64,W64,AA64,AE64,AI64,AM64,AQ64,AU64) -> #REF! | AZ64: =SUM(D64,H64,L64,P64,T64,X64,AB64,AF64,AJ64,AN64,AR64,AV64) -> #REF! | BA64: =SUM(E64,I64,M64,Q64,U64,Y64,AC64,AG64,AK64,AO64,AS64,AW64) -> 35000
A65: DESPESAS C/ MANUT DE VEICULOS | AL65: 36000 | AM65: =PATRI!I562 -> #REF! | AN65: =(((AM65/8)*4)+AM65)*105% -> #REF! | AO65: 51000 | AX65: =SUM(B65,F65,J65,N65,R65,V65,Z65,AD65,AH65,AL65,AP65,AT65) -> 36000 | AY65: =SUM(C65,G65,K65,O65,S65,W65,AA65,AE65,AI65,AM65,AQ65,AU65) -> #REF! | AZ65: =SUM(D65,H65,L65,P65,T65,X65,AB65,AF65,AJ65,AN65,AR65,AV65) -> #REF! | BA65: =SUM(E65,I65,M65,Q65,U65,Y65,AC65,AG65,AK65,AO65,AS65,AW65) -> 51000
A66: DESPESAS DIVERSAS C/ VEICULO (IPVA, LICENC, ETC) | AL66: 16500 | AM66: =PATRI!I563 -> #REF! | AN66: =(((AM66/8)*4)+AM66)*105% -> #REF! | AO66: 17000 | AX66: =SUM(B66,F66,J66,N66,R66,V66,Z66,AD66,AH66,AL66,AP66,AT66) -> 16500 | AY66: =SUM(C66,G66,K66,O66,S66,W66,AA66,AE66,AI66,AM66,AQ66,AU66) -> #REF! | AZ66: =SUM(D66,H66,L66,P66,T66,X66,AB66,AF66,AJ66,AN66,AR66,AV66) -> #REF! | BA66: =SUM(E66,I66,M66,Q66,U66,Y66,AC66,AG66,AK66,AO66,AS66,AW66) -> 17000
A67: PEDAGIO + ABASTECIMENTO(SEM PARAR) | AL67: 15900 | AM67: =PATRI!I564 -> #REF! | AN67: =(((AM67/8)*4)+AM67)*105% -> #REF! | AO67: 25000 | AX67: =SUM(B67,F67,J67,N67,R67,V67,Z67,AD67,AH67,AL67,AP67,AT67) -> 15900 | AY67: =SUM(C67,G67,K67,O67,S67,W67,AA67,AE67,AI67,AM67,AQ67,AU67) -> #REF! | AZ67: =SUM(D67,H67,L67,P67,T67,X67,AB67,AF67,AJ67,AN67,AR67,AV67) -> #REF! | BA67: =SUM(E67,I67,M67,Q67,U67,Y67,AC67,AG67,AK67,AO67,AS67,AW67) -> 25000
A68: ESTACIONAMENTO | AL68: 1908 | AM68: =PATRI!I565 -> #REF! | AN68: =(((AM68/8)*4)+AM68)*105% -> #REF! | AO68: 3000 | AX68: =SUM(B68,F68,J68,N68,R68,V68,Z68,AD68,AH68,AL68,AP68,AT68) -> 1908 | AY68: =SUM(C68,G68,K68,O68,S68,W68,AA68,AE68,AI68,AM68,AQ68,AU68) -> #REF! | AZ68: =SUM(D68,H68,L68,P68,T68,X68,AB68,AF68,AJ68,AN68,AR68,AV68) -> #REF! | BA68: =SUM(E68,I68,M68,Q68,U68,Y68,AC68,AG68,AK68,AO68,AS68,AW68) -> 3000
A69: ALUGUEL DE VEICULOS | AL69: 40280 | AM69: =PATRI!I566 -> #REF! | AN69: =(((AM69/8)*4)+AM69)*105% -> #REF! | AO69: 0 | AX69: =SUM(B69,F69,J69,N69,R69,V69,Z69,AD69,AH69,AL69,AP69,AT69) -> 40280 | AY69: =SUM(C69,G69,K69,O69,S69,W69,AA69,AE69,AI69,AM69,AQ69,AU69) -> #REF! | AZ69: =SUM(D69,H69,L69,P69,T69,X69,AB69,AF69,AJ69,AN69,AR69,AV69) -> #REF! | BA69: =SUM(E69,I69,M69,Q69,U69,Y69,AC69,AG69,AK69,AO69,AS69,AW69) -> 0
A70: TROCA/REPARO DE APARELHOS CELULARES DIRETORES/FUNCIONARIOS | AL70: 16000 | AM70: =PATRI!I567 -> #REF! | AN70: =(((AM70/8)*4)+AM70)*105% -> #REF! | AO70: 16000 | AX70: =SUM(B70,F70,J70,N70,R70,V70,Z70,AD70,AH70,AL70,AP70,AT70) -> 16000 | AY70: =SUM(C70,G70,K70,O70,S70,W70,AA70,AE70,AI70,AM70,AQ70,AU70) -> #REF! | AZ70: =SUM(D70,H70,L70,P70,T70,X70,AB70,AF70,AJ70,AN70,AR70,AV70) -> #REF! | BA70: =SUM(E70,I70,M70,Q70,U70,Y70,AC70,AG70,AK70,AO70,AS70,AW70) -> 16000
A71: COMPRA DO APARTAMENTO FUNCIONAL EM VITÓRIA | AL71: 600000 | AM71: =PATRI!I568 -> #REF! | AN71: =(((AM71/8)*4)+AM71)*105% -> #REF! | AO71: 0 | AX71: =SUM(B71,F71,J71,N71,R71,V71,Z71,AD71,AH71,AL71,AP71,AT71) -> 600000 | AY71: =SUM(C71,G71,K71,O71,S71,W71,AA71,AE71,AI71,AM71,AQ71,AU71) -> #REF! | AZ71: =SUM(D71,H71,L71,P71,T71,X71,AB71,AF71,AJ71,AN71,AR71,AV71) -> #REF! | BA71: =SUM(E71,I71,M71,Q71,U71,Y71,AC71,AG71,AK71,AO71,AS71,AW71) -> 0
A72: ADEQUAÇOES DA NOVA SEDE DE VITORIA | AL72: 15000 | AM72: =PATRI!I569 -> #REF! | AN72: =(((AM72/8)*4)+AM72)*105% -> #REF! | AO72: 0 | AX72: =SUM(B72,F72,J72,N72,R72,V72,Z72,AD72,AH72,AL72,AP72,AT72) -> 15000 | AY72: =SUM(C72,G72,K72,O72,S72,W72,AA72,AE72,AI72,AM72,AQ72,AU72) -> #REF! | AZ72: =SUM(D72,H72,L72,P72,T72,X72,AB72,AF72,AJ72,AN72,AR72,AV72) -> #REF! | BA72: =SUM(E72,I72,M72,Q72,U72,Y72,AC72,AG72,AK72,AO72,AS72,AW72) -> 0
A73: AQUISIÇAO DE MATERIAIS, BENS DE PEQUENO VALOR | N73: 10000 | O73: =COMUNIC!I131 -> #REF! | P73: =(((O73/8)*4)+O73)*105% -> #REF! | Q73: 0 | AL73: 16000 | AM73: =PATRI!I570 -> #REF! | AN73: =(((AM73/8)*4)+AM73)*105% -> #REF! | AO73: 16000 | AX73: =SUM(B73,F73,J73,N73,R73,V73,Z73,AD73,AH73,AL73,AP73,AT73) -> 26000 | AY73: =SUM(C73,G73,K73,O73,S73,W73,AA73,AE73,AI73,AM73,AQ73,AU73) -> #REF! | AZ73: =SUM(D73,H73,L73,P73,T73,X73,AB73,AF73,AJ73,AN73,AR73,AV73) -> #REF! | BA73: =SUM(E73,I73,M73,Q73,U73,Y73,AC73,AG73,AK73,AO73,AS73,AW73) -> 16000
A74: CORREIOS | F74: 1000 | G74: =ADM!I479 -> #REF! | H74: =(((G74/8)*4)+G74)*105% -> #REF! | I74: =F74*105% -> 1050 | AX74: =SUM(B74,F74,J74,N74,R74,V74,Z74,AD74,AH74,AL74,AP74,AT74) -> 1000 | AY74: =SUM(C74,G74,K74,O74,S74,W74,AA74,AE74,AI74,AM74,AQ74,AU74) -> #REF! | AZ74: =SUM(D74,H74,L74,P74,T74,X74,AB74,AF74,AJ74,AN74,AR74,AV74) -> #REF! | BA74: =SUM(E74,I74,M74,Q74,U74,Y74,AC74,AG74,AK74,AO74,AS74,AW74) -> 1050
A75: CARTORIO | F75: 6000 | G75: =ADM!I480 -> #REF! | H75: =(((G75/8)*4)+G75)*105% -> #REF! | I75: 3000 | AX75: =SUM(B75,F75,J75,N75,R75,V75,Z75,AD75,AH75,AL75,AP75,AT75) -> 6000 | AY75: =SUM(C75,G75,K75,O75,S75,W75,AA75,AE75,AI75,AM75,AQ75,AU75) -> #REF! | AZ75: =SUM(D75,H75,L75,P75,T75,X75,AB75,AF75,AJ75,AN75,AR75,AV75) -> #REF! | BA75: =SUM(E75,I75,M75,Q75,U75,Y75,AC75,AG75,AK75,AO75,AS75,AW75) -> 3000
A76: DIARIAS | B76: 48000 | C76: =COORD!I1090 -> #REF! | D76: =(((C76/8)*4)+C76)*105% -> #REF! | E76: 70500 | F76: 8300 | G76: =ADM!I481 -> #REF! | H76: =(((G76/8)*4)+G76)*105% -> #REF! | I76: 5000 | J76: 68900 | K76: =APOSENT!I127 -> #REF! | L76: =(((K76/8)*4)+K76)*105% -> #REF! | M76: =J76*105% -> 72345 | N76: 10000 | O76: =COMUNIC!I132 -> #REF! | P76: =(((O76/8)*4)+O76)*105% -> #REF! | Q76: 2000 | R76: 5000 | S76: =CONSELHO!I47 -> #REF! | T76: =(((S76/8)*4)+S76)*105% -> #REF! | U76: 6300 | V76: 3392 | W76: =CULT!I57 -> #REF! | X76: =(((W76/8)*4)+W76)*105% -> #REF! | Y76: =V76*105% -> 3561.6 | Z76: 1272 | AA76: =FINAN!I147 -> #REF! | AB76: =(((AA76/8)*4)+AA76)*105% -> #REF! | AC76: 1272 | AD76: 4000 | AE76: =FORM!I249 -> #REF! | AF76: =(((AE76/8)*4)+AE76)*105% -> #REF! | AG76: 10080 | AH76: 17000 | AI76: =JUR!I538 -> #REF! | AJ76: =(((AI76/8)*4)+AI76)*105% -> #REF! | AK76: 1000 | AL76: 5800 | AM76: =PATRI!I571 -> #REF! | AN76: =(((AM76/8)*4)+AM76)*105% -> #REF! | AO76: 5800 | AP76: 3100 | AQ76: =SMS!I34 -> #REF! | AR76: =(((AQ76/8)*4)+AQ76)*105% -> #REF! | AS76: 1100 | AT76: 50000 | AU76: =TERC!I355 -> #REF! | AV76: =(((AU76/8)*4)+AU76)*105% -> #REF! | AW76: 65520 | AX76: =SUM(B76,F76,J76,N76,R76,V76,Z76,AD76,AH76,AL76,AP76,AT76) -> 224764 | AY76: =SUM(C76,G76,K76,O76,S76,W76,AA76,AE76,AI76,AM76,AQ76,AU76) -> #REF! | AZ76: =SUM(D76,H76,L76,P76,T76,X76,AB76,AF76,AJ76,AN76,AR76,AV76) -> #REF! | BA76: =SUM(E76,I76,M76,Q76,U76,Y76,AC76,AG76,AK76,AO76,AS76,AW76) -> 244478.6
A77: VIAGENS E TRANSPORTES | B77: 161000 | C77: =COORD!I1091 -> #REF! | D77: =(((C77/8)*4)+C77)*105% -> #REF! | E77: 91000 | F77: 1100 | G77: =ADM!I482 -> #REF! | H77: =(((G77/8)*4)+G77)*105% -> #REF! | I77: =F77*105% -> 1155 | J77: 42400 | K77: =APOSENT!I128 -> #REF! | L77: =(((K77/8)*4)+K77)*105% -> #REF! | M77: =J77*105% -> 44520 | N77: 20000 | O77: =COMUNIC!I133 -> #REF! | P77: =(((O77/8)*4)+O77)*105% -> #REF! | Q77: 12000 | R77: 4000 | S77: =CONSELHO!I48 -> #REF! | T77: =(((S77/8)*4)+S77)*105% -> #REF! | U77: 0 | V77: 2332 | W77: =CULT!I58 -> #REF! | X77: =(((W77/8)*4)+W77)*105% -> #REF! | Y77: =V77*105% -> 2448.6 | Z77: 1272 | AA77: =FINAN!I148 -> #REF! | AB77: =(((AA77/8)*4)+AA77)*105% -> #REF! | AC77: 1272 | AD77: 10600 | AE77: =FORM!I250 -> #REF! | AF77: =(((AE77/8)*4)+AE77)*105% -> #REF! | AG77: 16650 | AH77: 19000 | AI77: =JUR!I539 -> #REF! | AJ77: =(((AI77/8)*4)+AI77)*105% -> #REF! | AK77: 0 | AL77: 1300 | AM77: =PATRI!I572 -> #REF! | AN77: =(((AM77/8)*4)+AM77)*105% -> #REF! | AO77: 5500 | AP77: 23320 | AQ77: =SMS!I35 -> #REF! | AR77: =(((AQ77/8)*4)+AQ77)*105% -> #REF! | AS77: 7150 | AT77: 21200 | AU77: =TERC!I356 -> #REF! | AV77: =(((AU77/8)*4)+AU77)*105% -> #REF! | AW77: 30600 | AX77: =SUM(B77,F77,J77,N77,R77,V77,Z77,AD77,AH77,AL77,AP77,AT77) -> 307524 | AY77: =SUM(C77,G77,K77,O77,S77,W77,AA77,AE77,AI77,AM77,AQ77,AU77) -> #REF! | AZ77: =SUM(D77,H77,L77,P77,T77,X77,AB77,AF77,AJ77,AN77,AR77,AV77) -> #REF! | BA77: =SUM(E77,I77,M77,Q77,U77,Y77,AC77,AG77,AK77,AO77,AS77,AW77) -> 212295.6
A78: HOSPEDAGEM | B78: 50000 | C78: =COORD!I1092 -> #REF! | D78: =(((C78/8)*4)+C78)*105% -> #REF! | E78: 98000 | F78: 1500 | G78: =ADM!I483 -> #REF! | H78: =(((G78/8)*4)+G78)*105% -> #REF! | I78: =F78*105% -> 1575 | J78: 21200 | K78: =APOSENT!I129 -> #REF! | L78: =(((K78/8)*4)+K78)*105% -> #REF! | M78: =J78*105% -> 22260 | N78: 5000 | O78: =COMUNIC!I134 -> #REF! | P78: =(((O78/8)*4)+O78)*105% -> #REF! | Q78: 5000 | R78: 4000 | S78: =CONSELHO!I49 -> #REF! | T78: =(((S78/8)*4)+S78)*105% -> #REF! | U78: 0 | V78: 2332 | W78: =CULT!I59 -> #REF! | X78: =(((W78/8)*4)+W78)*105% -> #REF! | Y78: =V78*105% -> 2448.6 | Z78: 636 | AA78: =FINAN!I149 -> #REF! | AB78: =(((AA78/8)*4)+AA78)*105% -> #REF! | AC78: 636 | AD78: 3180 | AE78: =FORM!I251 -> #REF! | AF78: =(((AE78/8)*4)+AE78)*105% -> #REF! | AG78: 7000 | AH78: 9000 | AI78: =JUR!I540 -> #REF! | AJ78: =(((AI78/8)*4)+AI78)*105% -> #REF! | AK78: 0 | AL78: 3500 | AM78: =PATRI!I573 -> #REF! | AN78: =(((AM78/8)*4)+AM78)*105% -> #REF! | AO78: 3500 | AP78: 3300 | AQ78: =SMS!I36 -> #REF! | AR78: =(((AQ78/8)*4)+AQ78)*105% -> #REF! | AS78: 1300 | AT78: 21200 | AU78: =TERC!I357 -> #REF! | AV78: =(((AU78/8)*4)+AU78)*105% -> #REF! | AW78: 26300 | AX78: =SUM(B78,F78,J78,N78,R78,V78,Z78,AD78,AH78,AL78,AP78,AT78) -> 124848 | AY78: =SUM(C78,G78,K78,O78,S78,W78,AA78,AE78,AI78,AM78,AQ78,AU78) -> #REF! | AZ78: =SUM(D78,H78,L78,P78,T78,X78,AB78,AF78,AJ78,AN78,AR78,AV78) -> #REF! | BA78: =SUM(E78,I78,M78,Q78,U78,Y78,AC78,AG78,AK78,AO78,AS78,AW78) -> 168019.6
A79: LANCHES E REFEIÇOES | B79: 28000 | C79: =COORD!I1093 -> #REF! | D79: =(((C79/8)*4)+C79)*105% -> #REF! | E79: 55000 | F79: 900 | G79: =ADM!I484 -> #REF! | H79: =(((G79/8)*4)+G79)*105% -> #REF! | I79: 3000 | J79: 6360 | K79: =APOSENT!I130 -> #REF! | L79: =(((K79/8)*4)+K79)*105% -> #REF! | M79: 6750 | N79: 1000 | O79: =COMUNIC!I135 -> #REF! | P79: =(((O79/8)*4)+O79)*105% -> #REF! | Q79: 0 | R79: 1300 | S79: =CONSELHO!I50 -> #REF! | T79: =(((S79/8)*4)+S79)*105% -> #REF! | U79: =R79*105% -> 1365 | V79: 2332 | W79: =CULT!I60 -> #REF! | X79: =(((W79/8)*4)+W79)*105% -> #REF! | Y79: =V79*105% -> 2448.6 | AD79: 2000 | AE79: =FORM!I252 -> #REF! | AF79: =(((AE79/8)*4)+AE79)*105% -> #REF! | AG79: 2000 | AQ79: =SMS!I37 -> #REF! | AR79: =(((AQ79/8)*4)+AQ79)*105% -> #REF! | AS79: 2400 | AT79: 5300 | AU79: =TERC!I358 -> #REF! | AV79: =(((AU79/8)*4)+AU79)*105% -> #REF! | AW79: 20000 | AX79: =SUM(B79,F79,J79,N79,R79,V79,Z79,AD79,AH79,AL79,AP79,AT79) -> 47192 | AY79: =SUM(C79,G79,K79,O79,S79,W79,AA79,AE79,AI79,AM79,AQ79,AU79) -> #REF! | AZ79: =SUM(D79,H79,L79,P79,T79,X79,AB79,AF79,AJ79,AN79,AR79,AV79) -> #REF! | BA79: =SUM(E79,I79,M79,Q79,U79,Y79,AC79,AG79,AK79,AO79,AS79,AW79) -> 92963.6
A81: RECEITAS PREVISTAS | E81: =SUM(E83:E86) -> #REF! | M81: Previsao da receita 2026 (média) | Q81: Previsão da receita 2027 (reajuste de 4,24%+0,50%) | U81: Previsão das despesas 2027 | Y81: Resultado 2026 (receitas-despesas)
A82: MENSALIDADE SINDICAL 2026 (MÉDIA) | E82: =GERAL!J33 -> #REF! | M82: =E82 -> #REF! | Q82: =E83 -> #REF! | U82: =BA3 -> 5834462.4 | Y82: =Q82-U82 -> #REF!
A83: MENSALIDADE SINDICAL 2027 (PREVISÃO) | E83: =GERAL!K33 -> #REF! | AT83: MEDIA POR MÊS REALIZADO | AX83: =AY3/8 -> #REF!
A84: CONTRIBUIÇAO ASSISTENCIAL (média de 2023-2026) | E84: =(427908.61+213943.95+1141148.45+1189183.06)/4 -> 743046.02 | M84: Saldo bancário 08/2026 | Q84: =Q81 -> Previsão da receita 2027 (reajuste de 4,24%+0,50%) | U84: Previsão das despesas 2027 | Y84: Resultado 2026 (receitas-despesas) | AX84: PREVISTO MENSAL | AY84: PREVISTO - ATÉ AGOSTO/2026 | AZ84: REALIZADO ATÉ AGOSTO/2026
A85: RECEITASDE PROCESSO TRABALHISTA (média 2023-2026) | E85: =((424977.3+1358833.76+1161108.39+744300.46)/4) -> 922304.98 | M85: =Q90 -> 3520485.1 | Q85: =Q82 -> #REF! | U85: =U82 -> 5834462.4 | Y85: =SUM(M85:Q85)-U85 -> #REF! | AT85: COORDENAÇAO | AX85: =B3/12 -> 120425 | AY85: =AX85*8 -> 963400 | AZ85: =C3 -> #REF!
A86: RECEITAS FINANCEIRAS-JUROS DE POUPANÇA (média 2023-2026) | E86: =(254213.3+321429.61+140011.72+308157.69)/4 -> 255953.08 | AT86: ADMINISTRAÇAO | AX86: =F3/12 -> 63358.333 | AY86: =AX86*8 -> 506866.67 | AZ86: =G3 -> #REF!
M87: SALDO BANCARIO EM 31/08/2026 | AG87: Resultado 2027 (receitas-despesas+saldo bancário) | AT87: APOSENTADOS E PENSIONISTAS | AX87: =J3/12 -> 16571.667 | AY87: =AX87*8 -> 132573.33 | AZ87: =K3 -> #REF!
M88: CEF | Q88: =BF8 -> 87171.66 | AG88: =Q82-U82+Q90 -> #REF! | AT88: COMUNICAÇAO | AX88: =N3/12 -> 59666.667 | AY88: =AX88*8 -> 477333.33 | AZ88: =O3 -> #REF!
M89: BB | Q89: =BF9 -> 3433313.4 | U89: SALDO+PROJEÇAO | Y89: RESULTADO 2026 | AG89: As receitas extras que forem arrecadadas serão utilizadas para recompor o caixa (saldo bancário) ou formar reserva para eventuais despesas. | AT89: CONSELHO FISCAL | AX89: =R3/12 -> 1191.6667 | AY89: =AX89*8 -> 9533.3333 | AZ89: =S3 -> #REF!
A90: ÍNDICES DE REAJUSTES | M90: TOTAL | Q90: =SUM(Q88:Q89) -> 3520485.1 | U90: =Q90+Q82 -> #REF! | Y90: =U90-U82 -> #REF! | AT90: CULTURA, ESPORTE E LAZER | AX90: =V3/12 -> 23007.833 | AY90: =AX90*8 -> 184062.67 | AZ90: =W3 -> #REF!
A91: INFLAÇAO ACUMULADA ATÉ 09/2025 A 07/2026 (ipca) | E91: =4.55804% -> 0.0455804 | AT91: FINANÇAS | AX91: =Z3/12 -> 9631.6667 | AY91: =AX91*8 -> 77053.333 | AZ91: =AA3 -> #REF!
A92: META DO COPOM P/ 2026 | E92: 0.03 | AT92: POLITICA E FORMAÇAO SINDICAL | AX92: =AD3/12 -> 28367.5 | AY92: =AX92*8 -> 226940 | AZ92: =AE3 -> #REF!
A93: REAJUSTE ACT PETROBRAS A PARTIR DE SET/2026 (ipca) (previsão) | E93: =(4.24+0.5)/100 -> 0.0474 | M93: FUNDO DE GREVE 08/2026 | Q93: =BF13 -> 3822211 | AT93: JURIDICO | AX93: =AH3/12 -> 88433.333 | AY93: =AX93*8 -> 707466.67 | AZ93: =AI3 -> #REF!
AT94: PATRIMONIAL | AX94: =AL3/12 -> 109507.33 | AY94: =AX94*8 -> 876058.67 | AZ94: =AM3 -> #REF!
AT95: SMS | AX95: =AP3/12 -> 6275 | AY95: =AX95*8 -> 50200 | AZ95: =AQ3 -> #REF!
AT96: SETOR PRIVADO E TERCEIRIZADOS | AX96: =AT3/12 -> 15225 | AY96: =AX96*12 -> 182700 | AZ96: =AU3 -> #REF!
AT97: TOTAL | AX97: =SUM(AX85:AX96) -> 541661 | AY97: =SUM(AY85:AY96) -> 4394188 | AZ97: =SUM(AZ85:AZ96) -> #REF! | BA97: =AZ97-C20 -> #REF!
BA98: sem gastos greve
AY99: SUPERAVIT
AY100: DÉFICIT | AZ100: =AY97-AZ97 -> #REF! | BA100: =BA97-AY97 -> #REF!
